 Dungeon Crawl Stone Soup version 0.28-a0-991-g956f0ee3d5 (webtiles) character file.

Game seed: 10916874774142413968

1167 Lavandula the Quickloader (level 8, -1/64 HPs)
             Began as a Naga Arcane Marksman on Dec 5, 2021.
             Shot with a sling bullet by Joseph (14 damage)
             ... on level 7 of the Dungeon.
             The game lasted 00:09:49 (5803 turns).

Lavandula the Quickloader (Naga Arcane Marksman)    Turns: 5803, Time: 00:09:50

Health: -1/64      AC:  5    Str: 14    XL:     8   Next: 40%
Magic:  9/9        EV:  9    Int: 15    God:
Gold:   335        SH:  0    Dex: 11    Spells: 3/9 levels left

rFire   . . .      SeeInvis +   a - +0 hand crossbow (flame)
rCold   . . .      Faith    .   (no shield)
rNeg    . . .      Spirit   .   d - +0 robe
rPois   +          Reflect  .   (no helmet)
rElec   .          Harm     .   y - +1 cloak
rCorr   .          Rampage  .   (no gloves)
Will    +....                   (no barding)
Stlth   +.........              (no amulet)
HPRegen 0.20/turn               (no ring)
MPRegen 0.11/turn               (no ring)

@: very slow
A: AC +2, large, see invisible, deformed body, poison resistance, slowness 2,
spit poison 1, naga tail 1
a: Spit Poison


You were on level 7 of the Dungeon.
You visited 1 branch of the dungeon, and saw 7 of its levels.

You collected 335 gold pieces.

Inventory:

Hand Weapons
 a - a +0 hand crossbow of flaming (weapon)
 v - a +2 hand axe of electrocution
 B - a +2 vorpal trident
Missiles
 c - 51 bolts (quivered ammo)
Armour
 d - a +0 robe (worn)
 y - a +1 cloak (worn)
Magical Staves
 e - a staff of air
 k - a staff of fire
Jewellery
 p - a ring of ice
Wands
 o - a wand of digging (4)
 u - a wand of flame (28)
 D - a wand of paralysis (10)
Scrolls
 b - 6 scrolls of teleportation
 h - a scroll of blinking
 i - 2 scrolls of immolation
 j - 2 scrolls of fog
 n - a scroll of acquirement {unknown}
 q - a scroll of amnesia {unknown}
 s - a scroll of identify
 x - a scroll of noise {unknown}
Potions
 f - 3 potions of ambrosia
 g - a potion of degeneration {unknown}
 m - a potion of berserk rage {unknown}
 t - a potion of cancellation {unknown}
 w - a potion of mutation {unknown}
 z - a potion of haste {unknown}
 A - a potion of flight {unknown}
 C - a potion of magic {unknown}


   Skills:
 - Level 1.0 Fighting
 - Level 9.1 Crossbows
 - Level 1.5 Dodging
 - Level 1.0 Spellcasting
 - Level 3.0 Hexes


You had 3 spell levels left.
You knew the following spells:

 Your Spells              Type           Power      Damage    Failure   Level
a - Slow                  Hex            36%        N/A       7%          1
b - Cause Fear            Hex            4%         N/A       56%         4
g - Apportation           Tloc           0%         N/A       24%         1

Your spell library contained the following spells:

 Spells                   Type           Power      Damage    Failure   Level
 Animate Skeleton         Necr           0%         N/A       24%         1
 Summon Small Mammal      Summ           0%         N/A       24%         1
 Inner Flame              Hex/Fire       5%         N/A       36%         3
 Portal Projectile        Hex/Tloc       10%        N/A       36%         3
 Gell's Gravitas          Tloc           0%         N/A       58%         3
 Lesser Beckoning         Tloc           0%         N/A       58%         3
 Swiftness                Air            0%         N/A       58%         3
 Teleport Other           Tloc           0%         N/A       58%         3
 Lightning Bolt           Conj/Air       0%         1d11      100%        5


Dungeon Overview and Level Annotations

Branches:
Dungeon (7/15)
 Temple: D:4-7

Altars:
Kikubaaqudgha
Ru

Shops:
D:2 =   D:4 [

Annotations:
D:3 1 runed translucent door, hemabe71's ghost, amateur HuAr
D:7 Joseph


Innate Abilities, Weirdness & Mutations

Your serpentine skin is tough. (AC +2)
You have supernaturally acute eyesight. (SInv)
Armour fits poorly on your strangely shaped body.
Your system is resistant to poisons. (rPois)
You cover ground very slowly.
You can spit poison.
You have a snake-like lower body.


Message History

Okay, then.
Unknown command.
You shoot a bolt. The bolt hits Joseph.
The bolt burns Joseph.
Joseph is lightly wounded.
Joseph struggles against the net. x2
You shoot a bolt. The bolt hits Joseph.
The bolt burns Joseph.
Joseph is lightly wounded.
Joseph says, "You will never get the ORB, sorry."
Joseph struggles against the net.
You shoot a bolt. The bolt hits Joseph.
The bolt burns Joseph.
Joseph is moderately wounded.
You shoot a bolt. The bolt hits Joseph.
The bolt burns Joseph.
Joseph is moderately wounded.
Joseph struggles against the net.
You shoot a bolt. The bolt hits Joseph.
The bolt burns Joseph.
Joseph is heavily wounded.
Joseph struggles against the net.
The net rips apart, and Joseph comes free!
Throw: throwing net
Press: ? - help, Shift-Dir - straight line, f/p - Joseph
Aim: Joseph, wielding a +0 hunting sling of freezing, wearing a +0 leather armour, quivering sling bullets and carrying a wand of iceblast (7) (heavily wounded, 54% to hit)
You throw a throwing net.
The throwing net completely misses Joseph.
Joseph shoots a sling bullet.
The sling bullet hits you! The sling bullet freezes you.
Aiming: Paralyse
Press: ? - help, Shift-Dir - straight line, f/p - Joseph
Aim: Joseph, wielding a +0 hunting sling of freezing, wearing a +0 leather armour, quivering sling bullets and carrying a wand of iceblast (7) (heavily wounded, chance to affect: 28%) Joseph easily resists.
Joseph shoots a sling bullet.
The sling bullet closely misses you.
Aiming: Paralyse
Press: ? - help, Shift-Dir - straight line, f/p - Joseph
Aim: Joseph, wielding a +0 hunting sling of freezing, wearing a +0 leather armour, quivering sling bullets and carrying a wand of iceblast (7) (heavily wounded, chance to affect: 28%) Joseph easily resists.
Joseph shoots a sling bullet.
The sling bullet hits you!
* * * LOW HITPOINT WARNING * * *
The sling bullet freezes you.
* * * LOW HITPOINT WARNING * * *
Okay, then.
You feel better.
Joseph shoots a sling bullet.
The sling bullet hits you!
You die...

#.#.. .....
#.#.. #.#.#
#.#.# #.#.#
#########.#<#
#.....$.....#
#......@..#.#
#......!..#.#
#...../...#.#
#.........#.#
#.........#..
#........[##.
#.........# .
#.....@...#


You could see Joseph.

Vanquished Creatures
  Menkaure (D:4)
  A black bear (D:6)
  An ice beast (D:4)
  A necrophage (D:4)
  A phantom (D:6)
  A bullfrog (D:6)
  Blork the orc (D:5)
  2 scorpions
  4 hounds
  A jelly (D:4)
  An orc priest (D:4)
  A centaur skeleton (D:6)
  An iguana (D:4)
  An orc wizard (D:4)
  A killer bee zombie (D:6)
  A howler monkey skeleton (D:5)
  3 gnolls (D:3)
  6 adders
  A white imp (D:6)
  An ufetubus (D:6)
  2 worms
  5 dart slugs
  6 orcs
  2 bats (D:1)
  11 endoplasms
  3 giant cockroaches
  6 goblins
  8 hobgoblins
  2 jackals (D:4)
  3 quokkas
  9 ball pythons
  A frilled lizard (D:3)
  6 kobolds
  5 rats
100 creatures vanquished.

Notes
Turn   | Place    | Note
-------+----------+-------------------------------------------
     0 | D:1      | Lavandula the Naga Arcane Marksman began the quest for the
                  | Orb.
     0 | D:1      | Reached XP level 1. HP: 18/18 MP: 2/2
   149 | D:1      | Reached skill level 2 in Crossbows
   276 | D:1      | Reached XP level 2. HP: 25/25 MP: 3/3
   512 | D:1      | Reached skill level 3 in Crossbows
   612 | D:1      | Reached XP level 3. HP: 31/31 MP: 4/4
  1016 | D:2      | Found Irupips's Jewellery Boutique.
  1659 | D:2      | Reached XP level 4. HP: 38/38 MP: 5/5
  1954 | D:3      | Noticed a scorpion
  1961 | D:3      | Killed a scorpion
  1962 | D:3      | Reached skill level 4 in Crossbows
  1962 | D:3      | Reached XP level 5. HP: 37/44 MP: 6/6
  2118 | D:3      | Got the Disquisition on the Birds
  2249 | D:3      | Reached skill level 5 in Crossbows
  2404 | D:3      | Found a runed translucent door.
  2409 | D:3      | Noticed hemabe71's ghost (amateur HuAr)
  2959 | D:4      | Learned a level 1 spell: Apportation
  2964 | D:4      | Learned a level 4 spell: Cause Fear
  2985 | D:4      | Reached XP level 6. HP: 51/51 MP: 7/7
  3058 | D:4      | Reached skill level 6 in Crossbows
  3307 | D:4      | Noticed Menkaure
  3313 | D:4      | Killed Menkaure
  3314 | D:4      | Reached XP level 7. HP: 57/57 MP: 8/8
  3522 | D:4      | Reached skill level 7 in Crossbows
  3571 | D:4      | Found an ancient bone altar of Kikubaaqudgha.
  3587 | D:4      | Found Loanuas's Armour Shoppe.
  4001 | D:5      | Entered Level 5 of the Dungeon
  4017 | D:5      | Noticed Blork the orc
  4021 | D:5      | Killed Blork the orc
  4129 | D:5      | Reached skill level 8 in Crossbows
  4574 | D:6      | Reached XP level 8. HP: 60/64 MP: 9/9
  5429 | D:6      | Reached skill level 9 in Crossbows
  5592 | D:6      | Found a sacrificial altar of Ru.
  5793 | D:7      | Noticed Joseph
  5803 | D:7      | Shot with a sling bullet by Joseph

Illustrated notes

Levels and vault maps discovered:
D:1:      minmay_arrival_jagged, layout_loops_ring,
          chequers_serial_rivers_large_b
D:2:      layout_basic, serial_shops, shop, minmay_misc_feat_ornament
D:3:      minmay_general_purpose_star, layout_loops_ring,
          ebering_ghost_reflecting_pool
D:4:      layout_gridville, kiku_gazebo_pond_becter, serial_shops,
          nicolae_shop_temple_entry_statues_fountains, uniq_menkaure
D:5:      layout_rooms, item_on_display_a, uniq_blork_the_orc
D:6:      layout_basic, mainiacjoe_overflow_alcove_2
D:7:      layout_basic, grunt_temple_overflow_champion_of_chaos,
          minmay_temple_entry_grid, serial_shops, nicolae_take_the_stairs,
          kennysheep_generic_room_7, uniq_joseph, uniq_prince_ribbit1

Skill      XL: |  1  2  3  4  5  6  7  8 |
---------------+-------------------------+-----
Crossbows      | 2 3 4 5 6 8 9 |  9.1
Fighting       | |  1.0
Dodging        | |  1.5
Spellcasting   | |  1.0
Hexes          | |  3.0

Action                   |  1- 3 |  4- 6 |  7- 9 || total
-------------------------+-------+-------+-------++-------
Melee: Hand crossbow     |       |     2 |       ||     2
 Fire: Hand crossbow     |    45 |    85 |   110 ||   240
Throw: Throwing net      |       |       |     2 ||     2
 Abil: Spit Poison       |    23 |    22 |    15 ||    60
Evoke: Wand              |       |       |     2 ||     2
  Use: Scroll            |     3 |     3 |     4 ||    10
       Potion            |       |     2 |     1 ||     3
Armor: Robe              |     1 |    10 |    23 ||    34
Dodge: Dodged            |     4 |    19 |    36 ||    59

Table legend: (Time is in decaauts)
 A = Elapsed time spent in this place.
 B = Non-inter-level travel time spent in this place.
 C = Inter-level travel time spent in this place.
 D = Time resting spent in this place.
 E = Time spent auto-exploring this place.
 F = Levels seen in this place.
 G = Mean time per level.
                   A        B        C        D        E       F      G
               +--------+--------+--------+--------+--------+-----+--------+
         Total |   7513 |   7257 |    256 |    177 |   6141 |   7 | 1073.3 |
       Dungeon |   7513 |   7257 |    256 |    177 |   6141 |   7 | 1073.3 |
               +--------+--------+--------+--------+--------+-----+--------+

Top non-repeatable levels by time:
     D:6: 1802 daAuts
     D:4: 1341 daAuts
     D:1: 1335 daAuts
     D:3: 1297 daAuts
     D:2: 1233 daAuts
     D:5: 486 daAuts
     D:7: 17 daAuts
